Map: Bridgehead LE (Void)

Players

Annihilator

  • Race: Protoss Protoss
  • League: Platinum

GAMETIME - Winner!

  • Race: Zerg Zerg
  • League: Grandmaster

VOD

Have the link to the VOD?

Description

Time

  • Played on: Oct. 4, 2015, 12:09 a.m.
  • Length: 5:34
Show
View Real Time Build Order
Export as new Build Order

Annihilator Protoss 

Build Orders: 1 Gate Expand, Mass Adepts 

Get SALT Encoding   

  12  0:02  Probe (Chrono Boost)  
  13  0:13  Probe (Chrono Boost)  
  14  0:19  Pylon  
  14  0:23  Probe (Chrono Boost)  
  15  0:37  Probe (Chrono Boost)  
  15  0:38  Gateway  
  16  0:48  Probe (Chrono Boost)  
  17  0:58  Probe (Chrono Boost)  
  18  1:09  Probe (Chrono Boost)  
  19  1:14  Nexus  
  19  1:19  Probe (Chrono Boost)  
  19  1:24  Assimilator  
  20  1:30  Probe (Chrono Boost)  
  21  1:36  Cybernetics Core  
  21  1:40  Probe (Chrono Boost)  
  21  1:46  Pylon  
  22  1:51  Probe (Chrono Boost)  
  23  2:04  Probe (Chrono Boost)  
  24  2:13  Warp Gate (Chrono Boost)  
  24  2:15  Probe  
  25  2:23  Adept  
  25  2:27  Probe  
  25  2:28  Probe  
  29  2:37  Probe  
  29  2:40  Probe  
  29  2:42  Pylon  
  31  3:03  Gateway  
  31  3:04  Gateway  
  31  3:06  Gateway  
  31  3:08  Gateway  
  31  3:09  Gateway  
  31  3:10  Gateway  
  31  3:15  Probe  
  31  3:17  Probe  
  33  3:26  Probe  
  33  3:29  Probe  
  35  3:41  Pylon  
  35  4:02  Adept x4  
  43  4:03  Adept x2  
  43  4:06  Adept  
  49  4:23  Adept  
  49  4:24  Adept x5  
  55  4:29  Pylon  
  61  4:32  Pylon  
  61  4:45  Nexus  
  61  4:47  Pylon  
  61  5:06  Adept x4  
  61  5:07  Adept, Zealot x2  
Show
View Real Time Build Order
Export as new Build Order

GAMETIME Zerg - Winner!

Build Orders: Hatch First 

Get SALT Encoding   

  12  0:01  Drone  
  13  0:09  Drone  
  14  0:17  Overlord  
  14  0:23  Drone, Extractor  
  15  0:40  Drone  
  15  0:41  Drone  
  17  0:52  Hatchery  
  16  0:57  Drone  
  16  1:01  Drone  
  18  1:11  Extractor  
  17  1:17  Spawning Pool  
  16  1:21  Drone  
  16  1:23  Drone  
  18  1:27  Drone  
  19  1:38  Drone  
  20  2:01  Hatchery  
  20  2:04  Queen  
  21  2:12  Metabolic Boost  
  21  2:17  Queen  
  23  2:23  Drone x2  
  23  2:29  Overlord  
  25  2:33  Zergling x2  
  25  2:35  Zergling x2  
  27  2:37  Zergling x2  
  28  2:48  Drone x2  
  28  2:49  Drone  
  31  2:52  Drone, Extractor  
  31  2:58  Drone  
  31  3:03  Roach Warren  
  31  3:04  Drone  
  32  3:12  Overlord  
  32  3:18  Drone x3  
  35  3:21  Drone  
  35  3:23  Drone  
  37  3:29  Overlord  
  36  3:45  Roach x4  
  36  3:48  Overlord  
  44  3:56  Roach x2  
  44  3:58  Roach  
  50  4:03  Roach  
  50  4:05  Ravager  
  50  4:06  Ravager  
  50  4:07  Overlord  
  55  4:10  Zergling x2  
  57  4:17  Roach x2  
  57  4:18  Zergling x2  
  57  4:21  Zergling x2  
  61  4:28  Drone x3  
  61  4:29  Extractor  
  61  4:30  Ravager  
  64  4:34  Drone  
  64  4:36  Overlord  
  65  4:42  Ravager  
  65  4:45  Zergling x2  
  67  4:46  Zergling x4  
  67  4:48  Roach  
  71  4:56  Roach  
  72  5:00  Roach  
  72  5:01  Roach  
  72  5:02  Zergling x4  
  72  5:03  Zergling x2  
  72  5:05  Roach  
  81  5:09  Zergling x2  
Tags
 
Add a new tag
Caveats
  • Supply blocks, unpowered buildings, or Contaminate may cause inaccurate times.
  • Supply counts are checked every 10 seconds.